 Dungeon Crawl Stone Soup version 0.22.0 (webtiles) character file.

338929 Gorglomux the Warrior (level 21, 0/146 HPs)
             Began as a Gargoyle Fighter on Aug 10, 2018.
             Was a High Priest of Okawaru.
             Splashed by an acid blob's acid (5 damage)
             ... on level 4 of the Pits of Slime.
             The game lasted 00:43:31 (41623 turns).

Gorglomux the Warrior (Gargoyle Fighter)           Turns: 41623, Time: 00:43:31

Health: 0/146      AC: 39    Str: 32    XL:     21   Next: 95%
Magic:  27/27      EV: 10    Int: 12    God:    Okawaru [*****.]
Gold:   1705       SH:  3    Dex:  9    Spells: 20/20 levels left

rFire    + . .     SeeInvis +   u - +6 broad axe (freeze) {god gift}
rCold    + + .     Gourm    .   (no shield)
rNeg     + . .     Faith    .   s - +8 plate armour of Zuofaunn {rC+ SInv}
rPois    ∞         Spirit   .   j - +2 hat {SInv} {god gift}
rElec    +         Reflect  +   H - scarf {rC+ rF+}
rCorr    +         Harm     .   z - +0 pair of gloves
MR       ++...                  x - +2 pair of boots
Stlth    ..........             P - +3 amulet of reflection
HPRegen  0.34/turn              g - ring of resist corrosion
MPRegen  0.20/turn              m - ring of protection from magic

@: mighty, corroded, berserk cooldown, very slightly contaminated, slowed, very
slow
A: big wings, negative energy resistance 1, electricity resistance, unbreathing,
petrification resistance, rot immunity, AC +16
}: 2/15 runes: decaying, serpentine
a: Fly, Heroism, Finesse, Renounce Religion


You were on level 4 of the Pits of Slime.
You worshipped Okawaru.
Okawaru was extremely pleased with you.
You were not hungry.

You visited 9 branches of the dungeon, and saw 41 of its levels.

You collected 4106 gold pieces.
You spent 2401 gold pieces at shops.

Inventory:

Hand Weapons
 u - a +6 broad axe of freezing (weapon) {god gift}
Missiles
 Z - 2 throwing nets (quivered)
Armour
 j - a +2 hat of see invisible (worn) {god gift}
 s - the +8 plate armour of Zuofaunn (worn) {rC+ SInv}
   (You bought it in a shop on level 2 of the Orcish Mines)

   It protects you from cold.
   It lets you see invisible.
 x - a +2 pair of boots (worn)
 z - a +0 pair of gloves (worn)
 H - a scarf of resistance (worn)
Jewellery
 a - a +4 ring of evasion
 g - a ring of resist corrosion (left hand)
 m - a ring of protection from magic (right hand)
 r - an uncursed amulet of regeneration
 y - an uncursed amulet of the acrobat
 P - a +3 amulet of reflection (around neck)
Wands
 A - a wand of acid (10)
 D - a wand of digging (13)
 E - a wand of enslavement (13)
 I - a wand of iceblast (23)
 O - a wand of clouds (4)
 S - a wand of scattershot (5)
Scrolls
 c - 2 scrolls of holy word
 l - 5 scrolls of immolation
 n - 3 scrolls of noise
 q - 8 scrolls of remove curse
 t - a scroll of summoning
 v - 2 scrolls of fog
 C - 2 scrolls of fear
 J - 2 scrolls of torment
 M - 4 scrolls of magic mapping
 N - 6 scrolls of amnesia
 R - 25 scrolls of identify
 T - 16 scrolls of teleportation
 W - a scroll of enchant armour
Potions
 d - 9 potions of might
 e - 3 potions of agility
 h - 3 potions of berserk rage
 k - 6 potions of lignification
 p - 5 potions of haste
 w - a potion of degeneration
 F - 4 potions of ambrosia
 K - 3 potions of cancellation
 L - 8 potions of resistance
 Q - 2 potions of curing
 U - 2 potions of heal wounds
 V - 5 potions of mutation {!q}
 Y - 6 potions of brilliance
Miscellaneous
 X - a phial of floods (inert)
Comestibles
 f - 51 rations


   Skills:
 + Level 20.2 Fighting
 - Level 18.0 Axes
 + Level 20.2 Armour
 - Level 3.5 Dodging
   Level 17.7 Shields
 - Level 9.0 Invocations


You had 20 spell levels left.
You didn't know any spells.
Your spell library contained the following spells:

 Spells                   Type           Power        Failure   Level  Hunger
 Magic Dart               Conj           #...         77%         1    ##.....
 Fireball                 Conj/Fire      #.........   100%        5    ######.
 Conjure Flame            Conj/Fire      #.......     98%         3    ####...
 Throw Flame              Conj/Fire      #.....       88%         2    ###....
 Ring of Flames           Chrm/Fire      #.........   100%        7    #######
 Teleport Other           Tloc           #.......     98%         3    ####...
 Summon Small Mammal      Summ           #...         77%         1    ##.....
 Blink                    Tloc           N/A          88%         2    ###....
 Iskenderun's Mystic Bla  Conj           #.......     100%        4    #####..
 Animate Dead             Necr           N/A          100%        4    #####..
 Sticky Flame             Conj/Fire      #.......     100%        4    #####..
 Summon Ice Beast         Ice/Summ       #.......     100%        4    #####..
 Call Imp                 Summ           #.......     88%         2    ###....
 Regeneration             Chrm/Necr      #.........   98%         3    ####...
 Stone Arrow              Conj/Erth      #.....       98%         3    ####...
 Recall                   Summ/Tloc      N/A          98%         3    ####...
 Statue Form              Tmut/Erth      #........    100%        6    #######
 Death Channel            Necr           #.........   100%        6    #######
 Flame Tongue             Conj/Fire      #....        77%         1    ##.....
 Passwall                 Tmut/Erth      #.......     88%         2    ###....
 Ignite Poison            Fire/Tmut/Pois #.......     98%         3    ####...
 Call Canine Familiar     Summ           #.......     98%         3    ####...
 Summon Butterflies       Summ           #.......     77%         1    ##.....
 Lee's Rapid Deconstruct  Erth           #.........   100%        5    ######.
 Sandblast                Erth           #.....       77%         1    ##.....
 Simulacrum               Ice/Necr       #.........   100%        6    #######
 Petrify                  Tmut/Erth      #.......     100%        4    #####..
 Passage of Golubria      Tloc           N/A          100%        4    #####..
 Orb of Destruction       Conj           #.........   100%        7    #######
 Malign Gateway           Summ/Tloc      #.........   100%        7    #######
 Summon Hydra             Summ           #.........   100%        7    #######
 Shroud of Golubria       Chrm/Tloc      #.........   88%         2    ###....
 Inner Flame              Hex/Fire       #.......     98%         3    ####...
 Beastly Appendage        Tmut           #.....       77%         1    ##.....
 Fulminant Prism          Conj/Hex       #.........   100%        4    #####..
 Dazzling Spray           Conj/Hex       #.....       98%         3    ####...
 Force Lance              Conj/Tloc      #.......     100%        4    #####..
 Infusion                 Chrm           #...         77%         1    ##.....
 Song of Slaying          Chrm           #.......     88%         2    ###....
 Spectral Weapon          Hex/Chrm       #.......     98%         3    ####...
 Searing Ray              Conj           #.....       88%         2    ###....
 Summon Lightning Spire   Summ/Air       #.......     100%        4    #####..
 Summon Guardian Golem    Hex/Summ       #.......     98%         3    ####...
 Summon Mana Viper        Hex/Summ       #.......     100%        5    ######.
 Hydra Form               Tmut           #.........   100%        6    #######
 Gell's Gravitas          Tloc           #.........   98%         3    ####...
 Lesser Beckoning         Tloc           #.........   98%         3    ####...
 Borgnjor's Vile Clutch   Necr/Erth      #.........   100%        5    ######.


Dungeon Overview and Level Annotations

Branches:
Dungeon (15/15)            Temple (1/1) D:6            Lair (6/6) D:9
  Swamp (4/4) Lair:3        Snake (4/4) Lair:2        Slime (4/5) Lair:6
    Orc (2/2) D:12            Elf (0/3) Orc:2        Vaults (4/5) D:14
  Crypt (0/3) Vaults:2     Depths (1/5) D:15

Altars:
Ashenzari
Cheibriados
Dithmenos
Elyvilon
Fedhas
Gozag
Hepliaklqana
Kikubaaqudgha
Makhleb
Nemelex Xobeh
Okawaru
Qazlal
Ru
Sif Muna
Trog
Uskayaw
Vehumet
Wu Jian
Xom
Yredelemnul
Zin
The Shining One
Beogh
Jiyva

Shops:
Orc:1 (   Orc:2 =*[(   Snake:1 !   Snake:4 %   Vaults:4 }*!!   Depths:1 }=}

Annotations:
D:6 3 runed doors, Nilihum's ghost, novice MfSk
D:7 3 runed doors, biddum's ghost, novice DsMo
D:15 1 runed door, Elod's ghost, adept GrFi
Lair:1 3 runed doors, Faytuur's ghost, journeyman MiFi


Innate Abilities, Weirdness & Mutations

You are resistant to torment.
Your stone body is resilient. (AC +16)
You are immune to poison.
Your large and strong wings let you fly indefinitely.
You resist negative energy. (rN+)
You are resistant to electric shocks. (rElec)
You can survive without breathing.
You are immune to petrification.
You are immune to rotting.


Message History

You resist! * * * don't die
* * * The golden eye blinks!!! x2; The butt ooze closely misses you!
The death ooze hits you but does no damage!
The acid blob spits acid at you! The splash of acid hits you!!!
You are splashed with acid!!!
The acid burns!!!
You resist! * * * don't die
* * * You open the acid blob like a pillowcase!!!!!!
You freeze the acid blob!!!
Your hands burn!!! * * * don't die
* * * The acid blob is almost dead!
You carve the death ooze like a ham!!! You freeze the death ooze!
The golden eye blinks!!!
The death ooze hits you but does no damage! x2
The acid blob spits acid at you! The splash of acid hits you!!!
You resist! * * * don't die
* * * You are splashed with acid!!!
The acid burns!!!
You resist! rip

#...........#. .
.............. ..
..#..J....... ...
..........§. G...
...........
.....#............
#......>.........##
.........J.....§..#.
....§...@J..........
..........§.........
........G.#.........
.#......G.#.........
.............##.....
.........§J<..G...#
.....#.......##.###
..........J.# #
##..##..##.##


You could see an acid blob, a large slime creature, 2 slime creatures, an eye of
devastation, a death ooze and a golden eye (fleeing).

Vanquished Creatures
  Margery (Vaults:2)
  Nikola (Swamp:1)
  The ghost of Tayfeniu the Impregnable, an adept MiFi of the Shining One (Vaults:4)
  A tentacled monstrosity (Swamp:3)
  Rupert (D:14)
  A lich (Depths:1)
  2 acid blobs
  2 thorn hunters
  3 sphinxes
  A shadow dragon (Vaults:4)
  Kirke (Snake:1)
  6 nagarajas (Snake:4)
  Roxanne (Swamp:2)
  2 azure jellies
  2 fire giants
  2 frost giants
  A deep elf sorcerer (Vaults:3)
  An orc warlord (Orc:2)
  9 vault wardens
  4 very ugly things (Depths:1)
  9 ironheart preservers
  8 stone giants
  A dire elephant (Lair:6)
  4 spark wasps (Depths:1)
  3 ettins
  11 ogre magi
  2 fire dragons
  A great orb of eyes (Depths:1)
  A rakshasa (Depths:1)
  8 yaktaur captains
  7 ice dragons
  29 hydras
  Erolcha (D:12)
  3 anacondas
  A ghost crab (Swamp:4)
  17 naga warriors
  7 vault guards
  12 centaur warriors
  A merfolk avatar (Lair:6)
  5 death knights
  2 catoblepae
  24 two-headed ogres
  14 alligators
  2 deep troll earth magi
  3 deep troll shamans
  A tengu warrior (D:15)
  4 orc high priests (Orc:2)
  A spriggan berserker (Swamp:4)
  19 naga sharpshooters
  8 shock serpents
  Urug (Lair:2)
  5 hell knights (Vaults:2)
  Nergalle (D:10)
  Sonja (Lair:5)
  10 deep elf knights
  12 skeletal warriors (Vaults:1)
  2 shadow wraiths
  9 deep trolls
  2 unseen horrors
  3 glowing orange brains
  6 naga ritualists (Snake:4)
  6 deep elf archers
  3 wizards
  7 shambling mangroves
  11 swamp dragons
  A phantasmal warrior (Vaults:4)
  2 lindwurms (Lair:4)
  A harpy (Vaults:2)
  4 necromancers
  2 wolf spiders
  8 orc sorcerers
  A tengu zombie (Vaults:4)
  15 ironbrand convokers
  14 orc knights
  17 deep elf magi
  2 mana vipers
  A salamander (shapeshifter) (Depths:1)
  3 manticores
  9 salamanders
  3 elephants (Lair:6)
  2 frost giant zombies (Depths:1)
  16 ugly things
  A stone giant zombie (Depths:1)
  A moth of wrath (shapeshifter) (Vaults:4)
  A shining eye (Slime:2)
  5 cyclopes
  A titan simulacrum (Vaults:4)
  28 naga magi
  13 vault sentinels
  A frost giant skeleton (Vaults:4)
  4 gargoyles
  28 black mambas
  6 guardian serpents
  Psyche (D:8)
  13 spiny frogs
  3 rime drakes
  5 freezing wraiths
  17 komodo dragons
  29 yaktaurs
  5 trolls
  2 trolls (shapeshifter)
  2 polar bears
  A queen bee (shapeshifter) (Vaults:2)
  23 hornets
  29 slime creatures
  A fire dragon zombie (Depths:1)
  Prince Ribbit (D:7)
  12 tyrant leeches
  6 dream sheep (Lair:5)
  10 hippogriffs
  18 blink frogs
  2 meliai zombies
  13 bog bodies
  An ettin zombie (Vaults:4)
  An ettin skeleton (Depths:1)
  47 yaks
  4 shadows
  A vampire (D:14)
  4 wyverns
  3 spriggans
  A golden eye (shapeshifter) (D:15)
  7 hogs (Snake:1)
  A yak (shapeshifter) (Vaults:2)
  8 golden eyes
  A human simulacrum (Vaults:1)
  25 vampire mosquitoes
  3 basilisks
  2 wargs
  57 nagas
  9 insubstantial wisps
  14 water moccasins
  4 acid dragons
  12 swamp worms
  4 porcupines
  Duvessa (D:4)
  12 swamp drakes
  2 sky beasts
  49 orc warriors
  A black bear (D:8)
  4 ice beasts
  An eye of draining (D:14)
  4 phantoms
  15 centaurs
  5 boggarts
  19 wolves
  35 ogres
  20 crocodiles
  A big kobold (D:9)
  15 bullfrogs
  6 scorpions
  Dowan (D:4)
  15 killer bees
  9 wights
  An electric eel (Lair:1)
  A vampire bat (D:11)
  4 howler monkeys
  6 crimson imps
  3 centaur zombies
  5 hounds
  3 bullfrog zombies
  23 orc priests
  A jelly (D:10)
  2 bullfrog skeletons
  42 orc wizards
  5 centaur skeletons
  5 iguanas
  2 hell rats (Lair:6)
  3 worker ants
  3 yak simulacra (Lair:3)
  3 polar bear simulacra (Lair:3)
  3 wolf simulacra (Lair:3)
  2 hound zombies
  2 hound skeletons
  12 gnolls
  5 adders
  12 river rats (Lair:6)
  5 shadow imps
  2 worms (D:3)
  3 dart slugs
  7 leopard geckos
  105 orcs
  4 giant cockroaches
  10 hobgoblins
  20 jackals
  3 quokkas
  15 bats
  9 frilled lizards
  6 goblins
  9 kobolds
  A quokka skeleton (D:10)
  6 rats
  2 river rat simulacra (Lair:3)
  6 briar patches (Swamp:3)
  6 plants
1505 creatures vanquished.

Vanquished Creatures (collateral kills)
  A deep elf mage (D:15)
  A spiny frog (Lair:3)
  3 yaks (Lair:3)
  2 wolves (Lair:3)
  A bullfrog (Lair:3)
8 creatures vanquished.

Vanquished Creatures (others)
  Vashnia (Snake:4)
  A yaktaur captain (Vaults:2)
  An alligator (Swamp:4)
  An unseen horror (Vaults:1)
  A swamp dragon (Swamp:1)
  2 cyclopes
  A naga mage (Snake:4)
  2 yaktaurs
  A tyrant leech (Swamp:1)
  A hornet (Swamp:1)
  A bog body (Swamp:4)
  2 nagas (Snake:4)
  A swamp drake (Swamp:1)
  An orc warrior (Orc:2)
  2 centaurs
  An orc priest (Orc:2)
  2 orcs
  8 fungi (Lair:6)
  12 plants
42 creatures vanquished.

Grand Total: 1555 creatures vanquished

Notes
Turn   | Place    | Note
-------+----------+-------------------------------------------
     0 | D:1      | Gorglomux the Gargoyle Fighter began the quest for the Orb.
     0 | D:1      | Reached XP level 1. HP: 14/14 MP: 1/1
   138 | D:1      | Reached XP level 2. HP: 18/19 MP: 2/2
   621 | D:1      | Reached XP level 3. HP: 23/23 MP: 3/3
  1548 | D:2      | Reached XP level 4. HP: 25/29 MP: 4/4
  2202 | D:3      | Found an iron altar of Okawaru.
  2213 | D:3      | Reached XP level 5. HP: 33/33 MP: 5/5
  2233 | D:3      | Became a worshipper of Warmaster Okawaru
  2464 | D:3      | Found an ornate altar of the Wu Jian Council.
  3104 | D:4      | Found a bloodstained altar of Trog.
  3175 | D:4      | Reached skill level 3 in Axes
  3175 | D:4      | Reached XP level 6. HP: 23/39 MP: 6/6
  3266 | D:4      | Found a shattered altar of Ashenzari.
  3291 | D:4      | Reached skill level 1 in Invocations
  3411 | D:4      | Noticed Dowan
  3412 | D:4      | Noticed Duvessa
  3422 | D:4      | Killed Duvessa
  3434 | D:4      | Killed Dowan
  3434 | D:4      | Reached XP level 7. HP: 41/44 MP: 8/8
  3959 | D:5      | Entered Level 5 of the Dungeon
  4015 | D:5      | HP: 1/66 [water moccasin (5)]
  5395 | D:6      | Found a staircase to the Ecumenical Temple.
  5458 | D:6      | Reached skill level 3 in Invocations
  5495 | Temple   | Entered the Ecumenical Temple
  5639 | D:6      | Found a blossoming altar of Fedhas.
  5764 | D:6      | Found a runed gate.
  5765 | D:6      | Found a runed gate.
  5766 | D:6      | Found a runed gate.
  5774 | D:6      | Reached * piety under Okawaru
  5774 | D:6      | Reached XP level 8. HP: 43/51 MP: 10/10
  5842 | D:6      | Noticed Nilihum's ghost (novice MfSk)
  6079 | D:6      | Found a deep blue altar of Sif Muna.
  6164 | D:6      | Found a white marble altar of Elyvilon.
  6210 | D:7      | Found a hazy altar of Hepliaklqana.
  6233 | D:7      | Noticed a cyclops
  6241 | D:7      | Reached skill level 6 in Fighting
  6245 | D:7      | Killed a cyclops
  6245 | D:7      | Reached ** piety under Okawaru
  6245 | D:7      | Reached skill level 6 in Armour
  6245 | D:7      | Reached skill level 6 in Shields
  6473 | D:7      | Got a faintly glowing plate armour
  6484 | D:7      | Identified the +1 plate armour "Lilomp" {rF+ MR++} (You found it on level 7 of the Dungeon)
  6570 | D:7      | Reached XP level 9. HP: 29/56 MP: 11/11
  6786 | D:7      | Noticed Prince Ribbit
  6820 | D:7      | Killed Prince Ribbit
  7378 | D:7      | Found a snail-covered altar of Cheibriados.
  7382 | D:7      | Found a burning altar of Makhleb.
  7403 | D:7      | Found a runed gate.
  7403 | D:7      | Found a runed gate.
  7404 | D:7      | Found a runed gate.
  7468 | D:7      | Found a shadowy altar of Dithmenos.
  7532 | D:7      | Noticed biddum's ghost (novice DsMo)
  7731 | D:8      | Reached *** piety under Okawaru
  7972 | D:8      | Reached skill level 6 in Axes
  7987 | D:8      | Noticed Psyche
  8006 | D:8      | Killed Psyche
  8006 | D:8      | Reached XP level 10. HP: 41/64 MP: 9/12
  8155 | D:8      | Found a radiant altar of Vehumet.
  8369 | D:9      | Reached **** piety under Okawaru
  8679 | D:9      | Noticed a two-headed ogre
  8698 | D:9      | Killed a two-headed ogre
  8707 | D:9      | Found a staircase to the Lair.
  8971 | D:9      | Reached skill level 9 in Fighting
  8971 | D:9      | Reached skill level 9 in Armour
  8971 | D:9      | Reached skill level 9 in Shields
  8986 | D:9      | Reached ***** piety under Okawaru
  9115 | D:9      | Reached XP level 11. HP: 50/71 MP: 10/13
  9266 | D:9      | Found a glowing golden altar of the Shining One.
  9284 | D:9      | Found a basalt altar of Yredelemnul.
  9286 | D:9      | Noticed a profane servitor
  9786 | D:10     | Entered Level 10 of the Dungeon
 10543 | D:10     | Noticed Nergalle
 10578 | D:10     | Killed Nergalle
 10726 | D:10     | Killed an unseen horror
 10726 | D:10     | Received a gift from Okawaru
 10729 | D:10     | Got an iridescent executioner's axe {god gift}
 10773 | D:10     | Identified the +1 executioner's axe of Autumn {god gift, protect, Int+3 Dex+2 Stlth+} (Okawaru gifted it to you on level 10 of the Dungeon)
 11084 | D:11     | Noticed a two-headed ogre
 11094 | D:11     | Killed a two-headed ogre
 11208 | D:11     | Killed an unseen horror
 11691 | Lair:1   | Entered Level 1 of the Lair of Beasts
 11722 | Lair:1   | Reached XP level 12. HP: 69/79 MP: 14/14
 11741 | Lair:1   | Found a shattered altar of Ashenzari.
 11771 | Lair:1   | Found a runed gate.
 11827 | Lair:1   | Found a runed gate.
 11827 | Lair:1   | Found a runed gate.
 11939 | Lair:1   | Reached skill level 9 in Axes
 12139 | Lair:1   | Noticed a four-headed hydra
 12166 | Lair:1   | Killed a four-headed hydra
 12344 | Lair:1   | Noticed a fire dragon
 12344 | Lair:1   | Noticed a four-headed hydra
 12399 | Lair:1   | Killed a fire dragon
 12420 | Lair:1   | Killed a six-headed hydra
 12749 | Lair:1   | Identified The Arcane Secrets of Thaumaturgy
 12827 | Lair:1   | Noticed Faytuur's ghost (journeyman MiFi)
 13147 | Lair:2   | Noticed a four-headed hydra
 13171 | Lair:2   | Killed a four-headed hydra
 13381 | Lair:2   | Noticed a five-headed hydra
 13389 | Lair:2   | Noticed a six-headed hydra
 13403 | Lair:2   | Killed a 12-headed hydra
 14231 | Lair:2   | Noticed a five-headed hydra
 14244 | Lair:2   | Killed a seven-headed hydra
 14292 | Lair:3   | Found a staircase to the Swamp.
 14337 | Lair:3   | Received a gift from Okawaru
 14338 | Lair:3   | Got a shimmering quarterstaff {god gift}
 14352 | Lair:3   | Reached XP level 13. HP: 82/85 MP: 16/16
 14407 | Lair:3   | Reached ****** piety under Okawaru
 14551 | Lair:3   | Reached skill level 12 in Shields
 14797 | Lair:3   | Reached skill level 12 in Fighting
 14871 | Lair:4   | Reached skill level 12 in Armour
 15206 | Lair:4   | Reached skill level 6 in Invocations
 15798 | Lair:4   | Received a gift from Okawaru
 15805 | Lair:4   | Got a pair of ichor-stained boots {god gift}
 15811 | Lair:4   | Identified the +0 pair of boots "Lafugan" {god gift, rElec rPois Int+4 Slay-4 Stlth+} (Okawaru gifted it to you on level 4 of the Lair of Beasts)
 16520 | Lair:5   | Noticed Sonja
 16525 | Lair:5   | Killed Sonja
 16794 | Lair:6   | Entered Level 6 of the Lair of Beasts
 16854 | Lair:6   | Gained mutation: Your large and strong wings let you fly indefinitely. [Gargoyle growth]
 16854 | Lair:6   | Reached XP level 14. HP: 46/92 MP: 14/19
 17184 | Lair:5   | Received a gift from Okawaru
 17446 | Lair:6   | Noticed a dire elephant
 17462 | Lair:6   | Killed a dire elephant
 18507 | Lair:6   | Found a viscous altar of Jiyva.
 18507 | Lair:6   | Found a staircase to the Slime Pits.
 18988 | D:12     | Received a gift from Okawaru
 19074 | D:12     | Found a staircase to the Orcish Mines.
 19426 | D:12     | Found a roughly hewn altar of Beogh.
 19426 | D:12     | Noticed Erolcha
 19444 | D:12     | Killed Erolcha
 20223 | D:14     | Reached skill level 9 in Invocations
 20229 | D:14     | Noticed Rupert
 20241 | D:14     | Killed Rupert
 20353 | D:14     | Found a gate to the Vaults.
 20361 | D:14     | Reached XP level 15. HP: 83/99 MP: 18/21
 20785 | D:15     | Entered Level 15 of the Dungeon
 20811 | D:15     | Found a staircase to the Depths.
 21116 | D:15     | Found a runed door.
 21126 | D:15     | Noticed Elod's ghost (adept GrFi)
 21666 | D:15     | Reached skill level 12 in Axes
 22322 | Orc:1    | Entered Level 1 of the Orcish Mines
 22467 | Orc:1    | Found Ebeosaok's Weapon Shop.
 22499 | Orc:1    | Received a gift from Okawaru
 22900 | Orc:2    | Entered Level 2 of the Orcish Mines
 23068 | Orc:2    | Found a staircase to the Elven Halls.
 23790 | Orc:2    | Noticed an orc warlord
 24148 | Orc:2    | Killed an orc warlord
 24357 | Orc:2    | Found Zocetso's Antique Armour Shoppe.
 24358 | Orc:2    | Found Iskois's Antique Weapon Shoppe.
 24360 | Orc:2    | Found Dabon's General Store.
 24360 | Orc:2    | Found Odasham's Jewellery Emporium.
 24366 | Orc:2    | Bought a polished war axe for 263 gold pieces
 24375 | Orc:2    | Bought a throwing net for 51 gold pieces
 24385 | Orc:2    | Bought a transparent plate armour for 1008 gold pieces
 24395 | Orc:2    | Identified the +8 plate armour of Zuofaunn {rC+ SInv} (You bought it in a shop on level 2 of the Orcish Mines)
 24397 | Orc:2    | Identified the +4 war axe "Ashanwog" {freeze, rN++} (You bought it in a shop on level 2 of the Orcish Mines)
 24879 | Lair:2   | Noticed Urug
 24884 | Lair:2   | Killed Urug
 25181 | Lair:2   | Found a staircase to the Snake Pit.
 25294 | Swamp:1  | Entered Level 1 of the Swamp
 25309 | Swamp:1  | Reached XP level 16. HP: 104/107 MP: 15/22
 25532 | Swamp:1  | Noticed Nikola
 25553 | Swamp:1  | Killed Nikola
 25939 | Swamp:2  | Reached skill level 15 in Shields
 25942 | Swamp:2  | Reached skill level 15 in Armour
 26066 | Swamp:2  | Reached skill level 15 in Fighting
 26427 | Swamp:2  | Noticed Roxanne
 26454 | Swamp:2  | Killed Roxanne
 26468 | Swamp:2  | Identified Roxanne's Disquisition on Shape Shifting (You took it off Roxanne on level 2 of the Swamp)
 26799 | Swamp:3  | Noticed a tentacled monstrosity
 26812 | Swamp:3  | Killed a tentacled monstrosity
 27361 | Swamp:3  | Noticed a thorn hunter
 27386 | Swamp:3  | Killed a thorn hunter
 27386 | Swamp:3  | Received a gift from Okawaru
 27448 | Swamp:3  | Got a brightly glowing war axe {god gift}
 27449 | Swamp:3  | Identified the +1 war axe of Immill {god gift, freeze, rF++ MR+} (Okawaru gifted it to you on level 3 of the Swamp)
 27926 | Swamp:4  | Entered Level 4 of the Swamp
 28070 | Swamp:4  | Reached XP level 17. HP: 103/113 MP: 21/23
 28420 | Swamp:4  | Received a gift from Okawaru
 29047 | Swamp:4  | Got a decaying rune of Zot
 29228 | Swamp:4  | Found a shimmering altar of Xom.
 29380 | Snake:1  | Entered Level 1 of the Snake Pit
 29380 | Snake:1  | Noticed Kirke
 29401 | Snake:1  | Killed Kirke
 29401 | Snake:1  | Received a gift from Okawaru
 29466 | Snake:1  | Found Fatzosk's Distillery.
 29501 | Snake:1  | Bought a potion of agility for 52 gold pieces
 29501 | Snake:1  | Bought 2 potions of might for 104 gold pieces
 29501 | Snake:1  | Bought a potion of agility for 52 gold pieces
 29501 | Snake:1  | Bought a potion of curing for 39 gold pieces
 29550 | Snake:1  | Reached skill level 15 in Axes
 30440 | Snake:2  | Received a gift from Okawaru
 30999 | Snake:3  | Reached XP level 18. HP: 120/120 MP: 24/24
 31426 | Snake:3  | Found a shadowy altar of Dithmenos.
 31432 | Snake:4  | Entered Level 4 of the Snake Pit
 31497 | Snake:4  | Received a gift from Okawaru
 31642 | Snake:4  | Found Xogebby's Food Emporium.
 32018 | Snake:4  | Noticed Vashnia
 32099 | Snake:4  | Killed Vashnia
 32448 | Snake:4  | Reached skill level 18 in Axes
 32448 | Snake:4  | Received a gift from Okawaru
 32458 | Snake:4  | Reached skill level 1 in Dodging
 32731 | Snake:4  | Identified a scroll of acquirement
 32741 | Snake:4  | Reached XP level 19. HP: 122/125 MP: 22/25
 32743 | Snake:4  | Identified the +1 plate armour of Optimism {god gift, rF+ rC+} (Okawaru gifted it to you on level 4 of the Snake Pit)
 32770 | Snake:4  | Got a serpentine rune of Zot
 33094 | Vaults:1 | Entered Level 1 of the Vaults
 33368 | Vaults:1 | Reached skill level 3 in Dodging
 34155 | Vaults:1 | Received a gift from Okawaru
 34968 | Vaults:2 | Noticed Margery
 34985 | Vaults:2 | Killed Margery
 35013 | Vaults:2 | Reached XP level 20. HP: 112/134 MP: 22/26
 35565 | Vaults:2 | Found a staircase to the Crypt.
 35752 | Vaults:2 | Received a gift from Okawaru
 36106 | Vaults:2 | Found a sacrificial altar of Ru.
 36519 | Vaults:3 | Reached skill level 18 in Armour
 36547 | Vaults:3 | Reached skill level 18 in Fighting
 36556 | Vaults:3 | Received a gift from Okawaru
 37972 | Vaults:4 | Received a gift from Okawaru
 38024 | Vaults:4 | Reached XP level 21. HP: 38/142 MP: 27/27
 38751 | Vaults:4 | Found Reev's General Store.
 39156 | Vaults:4 | Received a gift from Okawaru
 39227 | Vaults:4 | Found a runed door.
 39227 | Vaults:4 | Noticed Tayfeniu's ghost (adept MiFi)
 39379 | Vaults:4 | Killed Tayfeniu's ghost
 39384 | Vaults:4 | Got an ancient marble ring
 39385 | Vaults:4 | Identified the ring of Sifouga {*Drain rPois AC+1 Dex+6} (You found it on level 4 of the Vaults)
 39512 | Vaults:4 | Found Wolyirch's Distillery.
 39521 | Vaults:4 | Bought 2 potions of mutation for 272 gold pieces
 39521 | Vaults:4 | Bought a potion of might for 68 gold pieces
 39654 | Vaults:4 | Found Ciog's Distillery.
 39662 | Vaults:4 | Bought a potion of might for 56 gold pieces
 39662 | Vaults:4 | Bought a potion of might for 56 gold pieces
 40050 | Vaults:4 | Found Qekhlytto's Gadget Shoppe.
 40283 | Depths:1 | Entered Level 1 of the Depths
 40775 | Depths:1 | Found Hoagymuk's Gadget Shop.
 40784 | Depths:1 | Found Ohainionn's Jewellery Emporium.
 40791 | Depths:1 | Found Basir's Gadget Shop.
 40799 | Depths:1 | Bought an uncursed ring of resist corrosion for 380 gold pieces
 41162 | Slime:1  | Entered Level 1 of the Pits of Slime
 41623 | Slime:4  | HP: 5/146 [acid blob/splash of acid (6)]
 41623 | Slime:4  | Splashed by an acid blob's acid

Skill      XL: |  1  2  3  4  5  6  7  8  9 10 11 12 13 14 15 16 17 18 19 20 21 |
---------------+----------------------------------------------------------------+-----
Axes           | 2 3 4 5 6 7 8 9 10 11 12 13 16 18 | 18.0
Fighting       | 4 5 6 8 9 10 11 12 13 14 15 16 17 18 20 | 20.2
Shields        | 4 5 6 8 9 10 11 12 13 14 15 16 17 | 17.7
Armour         | 4 5 6 8 9 10 11 12 13 14 15 16 17 18 20 | 20.2
Invocations    | 2 3 5 7 9 |  9.0
Dodging        | 2 3 |  3.5

Action                   |  1- 3 |  4- 6 |  7- 9 | 10-12 | 13-15 | 16-18 | 19-21 || total
-------------------------+-------+-------+-------+-------+-------+-------+-------++-------
Melee: War axe           |   125 |   197 |   382 |   843 |  1293 |  1067 |       ||  3907
       Executioner's axe |       |       |       |     4 |       |       |       ||     4
       Unarmed           |       |       |       |    58 |       |       |       ||    58
       Morningstar       |       |       |       |       |    49 |       |       ||    49
       Broad axe         |       |       |       |       |       |   380 |  1370 ||  1750
       Punch             |       |       |       |       |       |       |    10 ||    10
Throw: Throwing net      |       |       |       |     5 |       |       |       ||     5
Invok: Heroism           |       |       |     6 |    31 |    28 |    30 |    27 ||   122
       Finesse           |       |       |       |     5 |    17 |    16 |    16 ||    54
 Abil: Fly               |       |       |       |       |     1 |       |       ||     1
       Stop Flying       |       |       |       |       |       |       |     1 ||     1
Evoke: Wand              |       |       |       |     1 |     2 |     5 |       ||     8
       Phial of floods   |       |       |       |       |     1 |       |     1 ||     2
  Use: Potion            |       |       |     4 |       |       |     1 |    15 ||    20
       Scroll            |       |       |    10 |    12 |    10 |     8 |    12 ||    52
 Stab: Distracted        |       |       |       |       |     1 |       |       ||     1
  Eat: Chunk             |     2 |     7 |    11 |    19 |    26 |    22 |    23 ||   110
       Ration            |       |       |     1 |     1 |     3 |     1 |     2 ||     8
Armor: Scale mail        |    90 |   111 |    94 |       |       |       |       ||   295
       Skin              |       |       |     3 |       |       |       |       ||     3
       Plate armour      |       |       |   167 |   565 |   639 |   667 |   575 ||  2613
Dodge: Dodged            |    62 |    91 |   186 |   355 |   527 |   427 |   484 ||  2132
Block: Shield            |    87 |   127 |   265 |   668 |  1145 |   842 |       ||  3134
       Reflection        |       |       |       |       |    53 |   154 |    53 ||   260
       Large shield      |       |       |       |       |       |   551 |   528 ||  1079
       Other             |       |       |       |       |       |       |    39 ||    39
